 Dungeon Crawl Stone Soup version 0.30.0-29-ga12c61a403 (webtiles) character file.

Game seed: 7066256766436306664

32 Descartes the Grasshopper (level 3, -1/28 HPs)
             Began as a Barachi Warper on June 6, 2023.
             Slain by Terence
             ... wielding a +2 short sword of flaming
              (2 damage)
             ... on level 2 of the Dungeon.
             The game lasted 00:02:25 (1244 turns).

Descartes the Grasshopper (Barachi Warper)          Turns: 1244, Time: 00:02:26

Health: -1/28      AC:  4    Str: 14    XL:     3   Next: 25%
Magic:  6/6        EV: 12    Int: 13    God:
Gold:   126        SH:  0    Dex: 11    Spells: 6/6 levels left

rFire   . . .        a - +0 falchion
rCold   . . .        (no shield)
rNeg    . . .        b - +0 leather armour
rPois   .            f - +0 helmet
rElec   .            (no cloak)
rCorr   .            (no gloves)
SInv    .            (no boots)
Will    .....        (no amulet)
Stlth   +            (no ring)
HPRegen 0.24/turn    (no ring)
MPRegen 0.10/turn

%: no passive effects
@: slow
A: amphibious, slowness 1, strong legs 1, +LOS
a: Hop


You were on level 2 of the Dungeon.
You visited 1 branch of the dungeon, and saw 2 of its levels.

You collected 126 gold pieces.

Inventory:

Hand Weapons
 a - a +0 falchion (weapon)
Missiles
 d - 7 boomerangs of dispersal (quivered)
Armour
 b - a +0 leather armour (worn)
 f - a +0 helmet (worn)
Scrolls
 c - a scroll of blinking
 e - a scroll of enchant weapon {unknown}
 h - a scroll of teleportation {unknown}


   Skills:
 + Level 2.7 Fighting
 + Level 2.7 Long Blades
 - Level 1.0 Throwing
 + Level 1.9 Armour
 + Level 2.5 Dodging
 + Level 2.3 Spellcasting
 + Level 3.4 Translocations
 + Level 0.4 Invocations
 + Level 0.6 Evocations


You had 6 spell levels left.
You didn't know any spells.
Your spell library contained the following spells:

 Spells                   Type           Power      Damage    Failure   Level
 Blink                    Tloc           20%        N/A       11%         2
 Lesser Beckoning         Tloc           20%        N/A       11%         2
 Gell's Gravitas          Tloc           10%        N/A       22%         3
 Teleport Other           Tloc           10%        N/A       22%         3
 Ensorcelled Hibernation  Hex/Ice        2%         N/A       41%         2
 Static Discharge         Conj/Air       2%         2-3/arc   41%         2
 Vhi's Electric Charge    Tloc/Air       12%        N/A       41%         3
 Manifold Assault         Tloc           10%        N/A       58%         4
 Spider Form              Tmut/Pois      1%         N/A       65%         3
 Airstrike                Air            0%         2d(1-17)  96%         4
 Anguish                  Hex/Necr       0%         N/A       96%         4
 Summon Lightning Spire   Summ/Air       1%         N/A       96%         4


Dungeon Overview and Level Annotations

Branches:
Dungeon (2/15)

Altars:

Annotations:
D:2 Terence


Innate Abilities, Weirdness & Mutations

You are amphibious.
You cover ground slowly.
You can hop short distances.
You have an extended range of vision and can be seen from far away.


Message History

Terence burns you. Terence barely misses you.
You hit Terence but do no damage. Terence barely misses you.
Terence hits you with a +2 short sword of flaming.
Terence burns you.
You hit Terence but do no damage.
Terence hits you with a +2 short sword of flaming.
Terence burns you. Terence closely misses you.
You closely miss Terence. Terence barely misses you. x2
You hit Terence.
Terence is lightly wounded.
Terence hits you with a +2 short sword of flaming.
Terence burns you.
You are too injured to fight recklessly!
You are too injured to fight recklessly!
You are too injured to fight recklessly!
You are too injured to fight recklessly!
You are too injured to fight recklessly!
You are too injured to fight recklessly!
You are too injured to fight recklessly!
You are too injured to fight recklessly!
You are too injured to fight recklessly!
You are too injured to fight recklessly!
You are too injured to fight recklessly!
You are too injured to fight recklessly!
You barely miss Terence.
Terence is lightly wounded.
Terence hits you with a +2 short sword of flaming.
Terence burns you.
Terence hits you with a +2 short sword of flaming.
Terence burns you.
* * * LOW HITPOINT WARNING * * *
It was a potion of magic.
Magic courses through your body.
Terence hits you with a +2 short sword of flaming.
* * * LOW HITPOINT WARNING * * *
Terence burns you.
* * * LOW HITPOINT WARNING * * *
Terence hits you with a +2 short sword of flaming.
* * * LOW HITPOINT WARNING * * *
Terence burns you.
You die...

#.. ########..
### #.........
#.. ..........
#.# #.######.#
#.# #.#####...
#.# #.#.......
#@# #.#......<
#@# #.#.......
#.# #.#####'##
#.#######.##
#...
#.....†....#
####
############..#
#...†.........#
#####
#.###########.#
#.... #.# #.#
#.... #.# #.#
#....


You could see Terence (fast).

Vanquished Creatures
  An adder (D:2)
  A ball python (D:1)
  3 endoplasms
  A goblin (D:2)
  6 hobgoblins
  2 jackals (D:2)
  A bat (D:1)
  2 frilled lizards (D:1)
  A kobold (D:1)
  3 rats (D:1)
21 creatures vanquished.

Notes
Turn   | Place    | Note
-------+----------+-------------------------------------------
     0 | D:1      | Descartes the Barachi Warper began the quest for the Orb.
     0 | D:1      | Reached XP level 1. HP: 17/17 MP: 3/3
   362 | D:1      | Reached XP level 2. HP: 14/23 MP: 5/5
  1200 | D:2      | Reached XP level 3. HP: 24/28 MP: 6/6
  1235 | D:2      | Noticed Terence
  1244 | D:2      | HP: 1/28 [Terence/+2 short sword of flaming (4)]
  1244 | D:2      | Slain by Terence

Illustrated notes

Levels and vault maps discovered:
D:1:      minmay_arrival_jagged, layout_basic
D:2:      layout_basic, ebering_ecumenical_altar_webs, uniq_terence

Action                     || total
---------------------------++-------
  Melee: Falchion          ||    72
    Use: Potion            ||     1
 Armour: Leather armour    ||    18
  Dodge: Dodged            ||    46
